MLB
DETROIT TIGERS @ TEXAS RANGERS
08/20/2098
 
TOP OF THE 1ST
Detroit Tigers batting - Pitching for Texas Rangers : RHP Bernie Gallegos
Pitching: RHP Bernie Gallegos
Batting: LHB Tim Wilson 0-0: Ball
1-0: Foul Ball, location: 5FF
1-1: Ball
2-1: Foul Ball, location: 2F
2-2: Ball
3-2: Foul Ball, location: 2LF
3-2: Ground out 2-3 (Groundball, 2R, EV 67.5 MPH)
Batting: RHB Allan Alessi 0-0: Called Strike
0-1: Swinging Strike
0-2: Ball
1-2: Ball
2-2: Ball
3-2: Foul Ball, location: 2F
3-2: Foul Ball, location: 9LMF
3-2: Strikes out swinging
Batting: SHB Mike Knighten 0-0: Foul Ball, location: 2F
0-1: Ball
1-1: Foul Ball, location: 2F
1-2: Ground out 6-3 (Groundball, 6, EV 106.3 MPH)
Top of the 1st over - 0 runs, 0 hits, 0 errors, 0 left on base; Detroit 0 - Texas 0
BOTTOM OF THE 1ST
Texas Rangers batting - Pitching for Detroit Tigers : RHP Chuck Watts
Pitching: RHP Chuck Watts
Batting: RHB Ryan Adkins 0-0: Swinging Strike
0-1: Ball
1-1: Fly out, F9 (Line Drive, 9LS, EV 104.4 MPH)
Batting: RHB Chris Patrick 0-0: Foul Ball, location: 2F
0-1: Ball
1-1: SINGLE (Groundball, 56S, EV 71.9 MPH) (infield hit)
Batting: LHB Simeone DeVito 0-0: Ball
1-0: Swinging Strike
1-1: Swinging Strike
1-2: Ball
2-2: Ball
3-2: Foul Ball, location: 25F
3-2: Foul Ball, location: 7LSFF
3-2: Base on Balls
Chris Patrick to second
Batting: LHB Nick Gunnels 0-0: 3-RUN HOME RUN (Line Drive, 8RXD, EV 111.9 MPH), Distance : 416 ft
Batting: LHB Tyler Petry 0-0: Ball
1-0: Fly out, F8 (Flyball, 8RXD, EV 105.0 MPH)
Batting: RHB Jason Hartel 0-0: Called Strike
0-1: SINGLE (Line Drive, 34, EV 101.9 MPH)
Batting: RHB Josh Mehl 0-0: Called Strike
0-1: Called Strike
Jason Hartel is caught stealing 2nd base 2-4
Bottom of the 1st over - 3 runs, 3 hits, 0 errors, 0 left on base; Detroit 0 - Texas 3
TOP OF THE 2ND
Detroit Tigers batting - Pitching for Texas Rangers : RHP Bernie Gallegos
Batting: SHB Mang He 0-0: Called Strike
0-1: Ball
1-1: Foul Ball, location: 2F
1-2: Foul Ball, location: 7LMF
1-2: Ball
2-2: Foul Ball, location: 25F
2-2: Ball
3-2: Strikes out swinging
Batting: LHB Denny Marshall 0-0: Foul Ball, location: 25F
0-1: Ball
1-1: Ball
2-1: Swinging Strike
2-2: Strikes out looking
Batting: LHB Brad Black 0-0: Ball
1-0: Swinging Strike
1-1: SINGLE (Line Drive, 7LS, EV 106.3 MPH)
Batting: RHB Fethi Yazîcîzâde 0-0: Ball
1-0: SINGLE (Groundball, 4D, EV 105.6 MPH)
Brad Black to second
Batting: LHB Philip Clark 0-0: 3-RUN HOME RUN (Flyball, 7D, EV 98.8 MPH), Distance : 374 ft
Batting: RHB Jake Henson 0-0: Swinging Strike
0-1: Called Strike
0-2: Ball
1-2: Strikes out swinging
Top of the 2nd over - 3 runs, 3 hits, 0 errors, 0 left on base; Detroit 3 - Texas 3
BOTTOM OF THE 2ND
Texas Rangers batting - Pitching for Detroit Tigers : RHP Chuck Watts
Batting: RHB Josh Mehl 0-0: Ball
1-0: SINGLE (Line Drive, 8RS, EV 107.5 MPH)
Batting: LHB Scott Spencer 0-0: Ball
1-0: Bunted foul
1-1: Sac Bunt to 5S - play at first, batter OUT! 5-4
Josh Mehl to second
Batting: RHB Raul Camacho 0-0: Fly out, F7 (Line Drive, 78M, EV 101.9 MPH)
Batting: RHB Ryan Adkins 0-0: Foul Ball, location: 9LMF
0-1: Ball
1-1: Ball
2-1: Foul Ball, location: 2F
2-2: Fly out, F9 (Flyball, 89M, EV 91.9 MPH)
Bottom of the 2nd over - 0 runs, 1 hit, 0 errors, 1 left on base; Detroit 3 - Texas 3
TOP OF THE 3RD
Detroit Tigers batting - Pitching for Texas Rangers : RHP Bernie Gallegos
Batting: LHB Tim Wilson 0-0: Called Strike
0-1: Ball
1-1: Hit by Pitch
Batting: RHB Allan Alessi 0-0: Called Strike
0-1: Ball
1-1: Ball
2-1: Ball
3-1: Base on Balls
Tim Wilson to second
Batting: SHB Mike Knighten 0-0: Ball
1-0: Foul Ball, location: 5FF
1-1: Foul Ball, location: 5FF
1-2: Fly out, F8 (Flyball, 8LM, EV 84.4 MPH)
Batting: SHB Mang He 0-0: Ball
1-0: Called Strike
1-1: Ball
2-1: Fly out, F8 (Flyball, 8RD, EV 105.0 MPH)
Runner from 2nd tags up, SAFE at 3rd with throw by CF
Batting: LHB Denny Marshall 0-0: Swinging Strike
0-1: Foul Ball, location: 2F
0-2: Ball
1-2: Ball
2-2: Strikes out swinging
Top of the 3rd over - 0 runs, 0 hits, 0 errors, 2 left on base; Detroit 3 - Texas 3
BOTTOM OF THE 3RD
Texas Rangers batting - Pitching for Detroit Tigers : RHP Chuck Watts
Batting: RHB Chris Patrick 0-0: SINGLE (Line Drive, 56D, EV 65.0 MPH)
Batting: LHB Simeone DeVito 0-0: Called Strike
0-1: Swinging Strike
0-2: Ball
1-2: Strikes out swinging
Batting: LHB Nick Gunnels 0-0: Ball
1-0: Ball
2-0: Foul Ball, location: 9LMF
2-1: Ball
3-1: Base on Balls
Chris Patrick to second
Batting: LHB Tyler Petry 0-0: Ball
1-0: Ball
2-0: Fly out, F8 (Flyball, 89D, EV 105.0 MPH)
Batting: RHB Jason Hartel 0-0: Fly out, F9 (Line Drive, 9, EV 91.3 MPH)
Bottom of the 3rd over - 0 runs, 1 hit, 0 errors, 2 left on base; Detroit 3 - Texas 3
TOP OF THE 4TH
Detroit Tigers batting - Pitching for Texas Rangers : RHP Bernie Gallegos
Batting: LHB Brad Black 0-0: Called Strike
0-1: Ground out 4-3 (Groundball, 4, EV 86.3 MPH)
Batting: RHB Fethi Yazîcîzâde 0-0: Fly out, F8 (Flyball, 78D, EV 88.8 MPH)
Batting: LHB Philip Clark 0-0: Foul Ball, location: 25F
0-1: Ball
1-1: Fly out, F4 (Popup, 4MS, EV 66.9 MPH)
Top of the 4th over - 0 runs, 0 hits, 0 errors, 0 left on base; Detroit 3 - Texas 3
BOTTOM OF THE 4TH
Texas Rangers batting - Pitching for Detroit Tigers : RHP Chuck Watts
Batting: RHB Josh Mehl 0-0: Called Strike
0-1: Ball
1-1: Fly out, F3 (Popup, 34S, EV 71.3 MPH)
Batting: LHB Scott Spencer 0-0: Ball
1-0: Fly out, F8 (Flyball, 8RM, EV 81.3 MPH)
Batting: RHB Raul Camacho 0-0: Ball
1-0: SINGLE (Flyball, 8RS, EV 90.0 MPH)
Pitching: RHP Raul Mendoza
Batting: RHB Ryan Adkins 0-0: Called Strike
0-1: Ball
1-1: Fly out, F3 (Popup, 3SF, EV 83.1 MPH)
Bottom of the 4th over - 0 runs, 1 hit, 0 errors, 1 left on base; Detroit 3 - Texas 3
TOP OF THE 5TH
Detroit Tigers batting - Pitching for Texas Rangers : RHP Bernie Gallegos
Batting: RHB Jake Henson 0-0: Swinging Strike
0-1: Called Strike
0-2: Ball
1-2: Strikes out swinging
Batting: LHB Tim Wilson 0-0: Called Strike
0-1: Ball
1-1: Ball
2-1: Foul Ball, location: 7LMF
2-2: Strikes out swinging
Batting: RHB Allan Alessi 0-0: SINGLE (Line Drive, 7LS, EV 87.5 MPH)
Batting: SHB Mike Knighten 0-0: Ball
1-0: Foul Ball, location: 23F
1-1: DOUBLE (Line Drive, 5D, EV 103.1 MPH)
Allan Alessi to third
Batting: SHB Mang He 0-0: Ball
1-0: Called Strike
1-1: Swinging Strike
1-2: Strikes out swinging
Top of the 5th over - 0 runs, 2 hits, 0 errors, 2 left on base; Detroit 3 - Texas 3
BOTTOM OF THE 5TH
Texas Rangers batting - Pitching for Detroit Tigers : RHP Raul Mendoza
Batting: RHB Chris Patrick 0-0: Swinging Strike
0-1: Called Strike
0-2: Foul Ball, location: 2F
0-2: Ground out 6-3 (Groundball, 6, EV 84.4 MPH)
Batting: LHB Simeone DeVito 0-0: Ball
1-0: Ball
2-0: Called Strike
2-1: Foul Ball, location: 25F
2-2: Ball
3-2: Ground out 4-3 (Groundball, 4, EV 84.4 MPH)
Batting: LHB Nick Gunnels 0-0: Called Strike
0-1: Ball
1-1: Fly out, F7 (Flyball, 78M, EV 83.1 MPH)
Bottom of the 5th over - 0 runs, 0 hits, 0 errors, 0 left on base; Detroit 3 - Texas 3
TOP OF THE 6TH
Detroit Tigers batting - Pitching for Texas Rangers : RHP Bernie Gallegos
Pitching: LHP Gabe Osborne
Batting: LHB Denny Marshall 0-0: Ball
1-0: Ball
2-0: DOUBLE (Flyball, 8RXD, EV 98.1 MPH)
Batting: RHB Donald Nohl 0-0: Ball
1-0: Ball
2-0: DOUBLE (Line Drive, 3D, EV 108.8 MPH)
Denny Marshall scores
Batting: RHB Fethi Yazîcîzâde 0-0: Called Strike
0-1: Swinging Strike
0-2: Ball
1-2: Ball
2-2: Strikes out swinging
Batting: LHB Philip Clark 0-0: Foul Ball, location: 7LDF
0-1: SINGLE (Groundball, 34D, EV 105.6 MPH)
Donald Nohl to third
Runner from 3rd tries for Home, SAFE, throw by RF to home
Batting: RHB Jake Henson 0-0: Called Strike
0-1: Swinging Strike
0-2: Fielders Choice at 2nd, 5-4 (Groundball, 5, EV 88.8 MPH)
Batting: LHB Tim Wilson 0-0: Called Strike
0-1: Called Strike
0-2: Ball
1-2: Foul Ball, location: 7LDF
1-2: Foul Ball, location: 3FF
1-2: Ball
2-2: Ground out 4-3 (Groundball, 3, EV 104.4 MPH)
Top of the 6th over - 2 runs, 3 hits, 0 errors, 1 left on base; Detroit 5 - Texas 3
BOTTOM OF THE 6TH
Texas Rangers batting - Pitching for Detroit Tigers : RHP Raul Mendoza
Batting: LHB Tyler Petry 0-0: Foul Ball, location: 2F
0-1: Swinging Strike
0-2: Strikes out swinging
Batting: RHB Jason Hartel 0-0: Ball
1-0: Ball
2-0: SINGLE (Groundball, 5S, EV 71.9 MPH) (infield hit)
Batting: RHB Josh Mehl 0-0: Ball
1-0: Called Strike
Jason Hartel steals 2nd base
1-1: 2-RUN HOME RUN (Flyball, 8RXD, EV 108.1 MPH), Distance : 404 ft
Batting: LHB Scott Spencer 0-0: Called Strike
0-1: Ball
1-1: Ball
2-1: SINGLE (Line Drive, 6MD, EV 96.9 MPH)
Batting: RHB Raul Camacho 0-0: Ball
1-0: Foul Ball, location: 2F
1-1: Ball
2-1: Ball
3-1: Foul Ball, location: 3F
3-2: Fly out, F8 (Flyball, 8RM, EV 96.9 MPH)
Pitching: RHP Justin Bertram
Batting: RHB Ryan Adkins 0-0: Ball
1-0: Fly out, F8 (Flyball, 8RD, EV 100.6 MPH)
Bottom of the 6th over - 2 runs, 3 hits, 0 errors, 1 left on base; Detroit 5 - Texas 5
TOP OF THE 7TH
Detroit Tigers batting - Pitching for Texas Rangers : LHP Gabe Osborne
Pitching: RHP Victor Luna
Batting: RHB Allan Alessi 0-0: Fly out, F8 (Line Drive, 8LD, EV 93.1 MPH)
Batting: SHB Mike Knighten 0-0: Called Strike
0-1: Foul Ball, location: 7LMF
0-2: Ball
1-2: Strikes out looking
Batting: SHB Mang He 0-0: Foul Ball, location: 2F
0-1: Ball
1-1: Ball
2-1: Ball
3-1: Foul Ball, location: 2F
3-2: SINGLE (Groundball, 34D, EV 98.1 MPH)
Batting: LHB Denny Marshall 0-0: Called Strike
0-1: Ball
1-1: Foul Ball, location: 3FF
1-2: Foul Ball, location: 5F
1-2: Foul Ball, location: 2F
1-2: Ball
2-2: Foul Ball, location: 5SF
2-2: SINGLE (Groundball, 4, EV 88.8 MPH) (infield hit)
Mang He to second
Pitching: LHP Ryan Zeiher
Batting: RHB Donald Nohl 0-0: Ball
1-0: Ball
2-0: Called Strike
2-1: Ball
3-1: Foul Ball, location: 2F
3-2: Base on Balls
Mang He to third
Denny Marshall to second
Batting: RHB Fethi Yazîcîzâde 0-0: Ball
1-0: Foul Ball, location: 3FF
1-1: Ball
2-1: Swinging Strike
2-2: Strikes out swinging
Top of the 7th over - 0 runs, 2 hits, 0 errors, 3 left on base; Detroit 5 - Texas 5
BOTTOM OF THE 7TH
Texas Rangers batting - Pitching for Detroit Tigers : RHP Justin Bertram
Batting: RHB Chris Patrick 0-0: Ball
1-0: Called Strike
1-1: Foul Ball, location: 23F
1-2: Ball
2-2: Ball
3-2: Strikes out swinging
Batting: LHB Simeone DeVito 0-0: Called Strike
0-1: Fly out, F7 (Flyball, 7, EV 96.9 MPH)
Batting: LHB Nick Gunnels 0-0: Ground out 3-1 (Groundball, 34, EV 103.1 MPH)
Bottom of the 7th over - 0 runs, 0 hits, 0 errors, 0 left on base; Detroit 5 - Texas 5
TOP OF THE 8TH
Detroit Tigers batting - Pitching for Texas Rangers : LHP Ryan Zeiher
Pinch Hitting: RHB Steve Selmon 0-0: Swinging Strike
0-1: Ball
1-1: Ball
2-1: Foul Ball, location: 2RF
2-2: Ball
3-2: Ground out 5-3 (Groundball, 56S, EV 65.6 MPH)
Batting: RHB Jake Henson 0-0: Called Strike
0-1: Ball
1-1: Called Strike
1-2: Ball
2-2: Ball
3-2: Base on Balls
Batting: LHB Tim Wilson 0-0: Ball
1-0: Called Strike
1-1: Foul Ball, location: 7LSF
1-2: Ball
2-2: Ball
3-2: SINGLE (Groundball, 4MD, EV 106.3 MPH)
Jake Henson to second
Jake Henson to third
Batting: RHB Allan Alessi 0-0: Ball
1-0: 3-RUN HOME RUN (Flyball, 78XD, EV 103.8 MPH), Distance : 403 ft
Batting: SHB Mike Knighten 0-0: Called Strike
0-1: Ball
1-1: Foul Ball, location: 9LDF
1-2: Foul Ball, location: 2F
1-2: Strikes out looking
Batting: SHB Mang He 0-0: Ball
1-0: Foul Ball, location: 3DF
1-1: Foul Ball, location: 5F
1-2: DOUBLE (Line Drive, 78XD, EV 105.6 MPH)
Pitching: RHP Arturo Segura
Batting: LHB Denny Marshall 0-0: Called Strike
0-1: Called Strike
0-2: Foul Ball, location: 3F
0-2: Ball
1-2: Foul Ball, location: 2F
1-2: Ball
2-2: Fly out, F9 (Flyball, 9LS, EV 88.1 MPH)
Top of the 8th over - 3 runs, 3 hits, 0 errors, 1 left on base; Detroit 8 - Texas 5
BOTTOM OF THE 8TH
Texas Rangers batting - Pitching for Detroit Tigers : RHP Justin Bertram
Now in RF: Steve Selmon
Batting: LHB Tyler Petry 0-0: Foul Ball, location: 2F
0-1: Ball
1-1: Foul Ball, location: 7LMF
1-2: Strikes out swinging
Batting: RHB Jason Hartel 0-0: SINGLE (Line Drive, 34D, EV 104.4 MPH)
Batting: RHB Josh Mehl 0-0: Ball
1-0: Foul Ball, location: 25F
1-1: Called Strike
1-2: Foul Ball, location: 9LDF
1-2: Ball
Wild Pitch!
Jason Hartel to second
2-2: Ball
3-2: Foul Ball, location: 2F
3-2: Strikes out swinging
Pitching: RHP Jim Vickery
Batting: LHB Scott Spencer 0-0: Ball
Passed Ball!
Jason Hartel to third
1-0: Ball
2-0: Ground out 4-3 (Groundball, 4M, EV 91.9 MPH)
Bottom of the 8th over - 0 runs, 1 hit, 0 errors, 1 left on base; Detroit 8 - Texas 5
TOP OF THE 9TH
Detroit Tigers batting - Pitching for Texas Rangers : RHP Arturo Segura
Batting: RHB Donald Nohl 0-0: Ball
1-0: Ball
2-0: Ball
3-0: Called Strike
3-1: Swinging Strike
3-2: Fly out, F8 (Flyball, 78M, EV 88.1 MPH)
Batting: RHB Fethi Yazîcîzâde 0-0: Foul Ball, location: 3SF
0-1: Ball
1-1: Foul Ball, location: 5F
1-2: Ball
2-2: Ball
3-2: SINGLE (Groundball, 6MD, EV 106.3 MPH)
Batting: RHB Steve Selmon 0-0: Foul Ball, location: 3DF
0-1: Swinging Strike
0-2: Ball
1-2: Strikes out swinging
Batting: RHB Jake Henson 0-0: Foul Ball, location: 7LSF
0-1: Foul Ball, location: 3DF
0-2: SINGLE (Line Drive, 4D, EV 65.6 MPH)
Fethi Yazîcîzâde to second
Runner from 2nd tries for 3rd, SAFE, throw by RF made to third
Batting: LHB Tim Wilson 0-0: Called Strike
0-1: Foul Ball, location: 2F
0-2: Fly out, F8 (Flyball, 78M, EV 92.5 MPH)
Top of the 9th over - 0 runs, 2 hits, 0 errors, 2 left on base; Detroit 8 - Texas 5
BOTTOM OF THE 9TH
Texas Rangers batting - Pitching for Detroit Tigers : RHP Jim Vickery
Now at 1B: Mike Knighten
Now at 2B: Billy Joye
Now at 3B: Tim Wilson
Now in LF: Steve Selmon
Now in RF: Edgar Navarrete
Batting: RHB Raul Camacho 0-0: Ball
1-0: Foul Ball, location: 7LMF
1-1: Ball
2-1: SINGLE (Groundball, 56D, EV 95.0 MPH)
Batting: RHB Ryan Adkins 0-0: Ball
1-0: SINGLE (Groundball, 56S, EV 69.4 MPH) (infield hit)
Raul Camacho to second
Batting: RHB Chris Patrick 0-0: Ball
1-0: Ball
2-0: Called Strike
2-1: Ball
3-1: Swinging Strike
3-2: Base on Balls
Raul Camacho to third
Ryan Adkins to second
Batting: LHB Simeone DeVito 0-0: Ball
1-0: Foul Ball, location: 2F
1-1: Ball
2-1: Reached on error, E6 (Groundball, 6, EV 85.0 MPH)
Raul Camacho scores
Ryan Adkins to third
Chris Patrick to second
Batting: LHB Nick Gunnels 0-0: Ball
1-0: Fly out, F8 (Flyball, 8RM, EV 78.1 MPH)
Runner from 3rd tags up, SCORES, no throw by CF
Batting: LHB Tyler Petry 0-0: Ball
1-0: Grounds into double play, 5-4-3 (Groundball, 56, EV 96.9 MPH)
Bottom of the 9th over - 2 runs, 2 hits, 1 error, 1 left on base; Detroit 8 - Texas 7
Saturday, April 13th , 2024 - OOTP Baseball 24.11 Build 85